 Dungeon Crawl Stone Soup version 0.30.1-11-g7821555f0a (webtiles) character file.

Game seed: 4172736255120469841

67 Masjack the Trooper (level 3, -2/34 HPs)
             Began as a Minotaur Fighter on Nov 4, 2023.
             Slain by a worm (5 damage)
             ... on level 3 of the Dungeon.
             The game lasted 00:05:36 (1840 turns).

Masjack the Trooper (Minotaur Fighter)              Turns: 1840, Time: 00:05:37

Health: -2/34      AC:  8    Str: 22    XL:     3   Next: 98%
Magic:  2/2        EV:  9    Int:  5    God:
Gold:   132        SH:  9    Dex:  9    Spells: 2/2 levels left

rFire   . . .        a - +0 long sword
rCold   . . .        c - +0 buckler
rNeg    . . .        b - +0 scale mail
rPois   .            (helmet restricted)
rElec   .            (no cloak)
rCorr   .            (no gloves)
SInv    .            n - +0 pair of boots
Will    .....        e - amulet of reflection Stlth
                     l - ring of flight
HPRegen 0.25/turn    (no ring)
MPRegen 0.08/turn

%: reflection
@: mighty, flying, hasted, very quick
A: horns 2, retaliatory headbutt
a: no special abilities


You were on level 3 of the Dungeon.
You visited 1 branch of the dungeon, and saw 3 of its levels.

You collected 132 gold pieces.

Inventory:

Hand Weapons
 a - a +0 long sword (weapon)
Armour
 b - a +0 scale mail (worn)
 c - a +0 buckler (worn)
 n - a +0 pair of boots (worn)
Jewellery
 e - an amulet of reflection (around neck)
 h - a +6 ring of strength
 l - a ring of flight (left hand)
Scrolls
 k - a scroll of fog {unknown}
 m - a scroll of amnesia {unknown}
 q - a scroll of poison {unknown}
 r - a scroll of vulnerability {unknown}
Potions
 d - 2 potions of might
 f - a potion of degeneration {unknown}
 g - 2 potions of haste
 i - a potion of curing {unknown}
 j - a potion of berserk rage {unknown}
 o - a potion of attraction {unknown}
 p - a potion of lignification {unknown}
 s - a potion of magic {unknown}


   Skills:
 + Level 4.4 Fighting
 + Level 3.3 Long Blades
 + Level 4.3 Armour
 + Level 0.2 Dodging
 + Level 4.1 Shields


You had 2 spell levels left.
You didn't know any spells.
Your spell library contained the following spells:

 Spells                   Type           Power      Damage    Failure   Level
 Ozocubu's Armour         Ice            0%         N/A       99%         3
 Swiftness                Air            0%         N/A       99%         3
 Summon Ice Beast         Ice/Summ       0%         N/A       100%        4
 Blade Hands              Tmut           0%         N/A       100%        5
 Irradiate                Conj/Tmut      0%         3d11      100%        5
 Dragon Form              Tmut           0%         N/A       100%        7


Dungeon Overview and Level Annotations

Branches:
Dungeon (3/15)

Altars:


Innate Abilities, Weirdness & Mutations

You have a pair of horns on your head.
You reflexively headbutt those who attack you in melee.


Message History

You block the orc's attack. The orc hits you with a +0 club.
The orc hits you with a +0 dagger.
You hit the orc.
The orc is severely wounded.
The orc hits you but does no damage. x3; You block the orc's attack. x2
The orc hits you from afar with a +0 trident.
The orc hits you but does no damage. The orc hits you with a +0 dagger.
The orc hits you but does no damage. You block the orc's attack.
You slash the orc!
You kill the orc!
The orc hits you but does no damage. The orc barely misses you.
You furiously retaliate!
You headbutt the orc, but do no damage. You block the orc's attack. x2
You block the orc's attack. The orc barely misses you.
Things that are here:
a +0 club; a +0 ring mail; an orc corpse You feel yourself speed up.
The orc hits you with a +0 dagger. You block the orc's attack. x2
The orc hits you from afar with a +0 trident.
You feel very mighty all of a sudden.
You barely miss the orc. Your headbutt misses the orc.
The orc hits you from afar with a +0 trident.
You block the orc's attack. The orc completely misses you.
You block the orc's attack. The worm bites you!
* * * LOW HITPOINT WARNING * * *
You slash the orc!
You kill the orc!
The orc hits you with a +2 hand axe of freezing.
* * * LOW HITPOINT WARNING * * *
The orc freezes you.
* * * LOW HITPOINT WARNING * * *
The orc hits you with a +0 dagger.
* * * LOW HITPOINT WARNING * * *
You block the orc's attack.
Unknown command.
You slash the worm!
The worm is heavily wounded.
The orc barely misses you. The orc hits you but does no damage.
You block the orc's attack. The worm bites you.
You die...

#. .. . #. ..
.#.#.####.#
...#.>..#.# .
.......... ..
#....... ...
.###...)###....
.......@wo.....
#######oo...###
#.###....
#.###..##
#<.....#
#...####.#
#.#.. #.#### .


You could see a worm and 3 orcs.

Vanquished Creatures
  An adder (D:2)
  2 dart slugs (D:2)
  2 orcs (D:3)
  4 ball pythons
  2 endoplasms
  3 giant cockroaches
  3 goblins
  10 hobgoblins
  3 jackals (D:1)
  4 kobolds
  4 bats
  3 frilled lizards
  4 rats
45 creatures vanquished.

Notes
Turn   | Place    | Note
-------+----------+-------------------------------------------
     0 | D:1      | Masjack the Minotaur Fighter began the quest for the Orb.
     0 | D:1      | Reached XP level 1. HP: 19/19 MP: 0/0
   154 | D:1      | Reached XP level 2. HP: 27/27 MP: 1/1
   824 | D:1      | Reached XP level 3. HP: 33/33 MP: 2/2
  1592 | D:2      | Got the Excursus on Gaseous Rime
  1840 | D:3      | Slain by a worm

Illustrated notes

Levels and vault maps discovered:
D:1:      nicolae_arrival_memento_mori, layout_basic, serial_curves,
          eino_curves_01, eino_curves_03, eino_curves_02
D:2:      layout_basic, minmay_heptomino_d4
D:3:      mumra_celtic_spiral_tile, layout_basic

Skill      XL: |  1  2  3 |
---------------+----------+-----
Fighting       | 4 |  4.4
Shields        | 4 |  4.1
Armour         | 4 |  4.3
Long Blades    | 3 |  3.3
Dodging        | |  0.2

Action                     || total
---------------------------++-------
  Melee: Long sword        ||   107
         Headbutt          ||    11
    Use: Potion            ||     2
         Scroll            ||     1
 Armour: Scale mail        ||    55
  Dodge: Dodged            ||    55
  Block: Buckler           ||    62
         Reflection        ||     1
